 Dungeon Crawl Stone Soup version 0.31.0 (webtiles) character file.

Game seed: 1830220363570275366

250134 James the Hoplite (level 18, -28/176 HPs)
             Began as a Minotaur Fighter on Jan 19, 2024.
             Was a High Priest of Okawaru.
             Killed from afar by a spellforged servitor (32 damage)
             ... summoned by Frederick
             ... on level 2 of the Vaults.
             The game lasted 01:53:56 (38130 turns).

James the Hoplite (Minotaur Fighter)               Turns: 38130, Time: 01:53:57

Health: -28/176    AC: 26    Str: 36    XL:     18   Next: 90%
Magic:  21/28      EV: 12    Int:  7    God:    Okawaru [*****.]
Gold:   2826       SH: 31    Dex: 12    Spells: 17/17 levels left

rFire   . . .        b - +7 morningstar (vamp) {!w}
rCold   + . .        N - +2 tower shield
rNeg    + . .        J - +1 chain mail of Duty {rPois rCorr}
rPois   +            (helmet restricted)
rElec   .            y - +2 cloak {rC+}
rCorr   +            s - +1 pair of gloves {Str+3}
SInv    +            M - +0 pair of boots {Fly}
Will    +....        j - amulet of Buxu {Reflect rN+ Slay+2 SH+5 Stlth+}
Stlth   +            z - ring "Fuycoawigh" {Int+2 SInv}
HPRegen 0.49/turn    L - +6 ring of strength
MPRegen 0.21/turn

%: reflection
@: heroic, finesse-ful, flying
A: horns 2, retaliatory headbutt
}: 2/15 runes: barnacled, gossamer
a: Renounce Religion, Heroism, Finesse, Duel


You were on level 2 of the Vaults.
You worshipped Okawaru.
Okawaru was extremely pleased with you.
You visited 7 branches of the dungeon, and saw 33 of its levels.
You also visited: Ossuary, Bailey and Ice Cave.

You collected 3708 gold pieces.
You spent 882 gold pieces at shops.

Inventory:

Hand Weapons
 b - a +7 vampiric morningstar (weapon) {!w}
   (You took it off a wight on level 9 of the Dungeon)
 m - a +0 trident
   (You found it on level 8 of the Dungeon)
 p - a +0 heavy morningstar
   (You took it off Louise on level 15 of the Dungeon)
Missiles
 g - 4 curare-tipped darts {!f}
 h - 63 boomerangs
 n - 2 darts of dispersal {!f}
 D - 41 poisoned darts
 G - 2 throwing nets {!f}
 P - 13 silver javelins (quivered)
 V - 12 javelins
 X - 6 atropa-tipped darts
Armour
 c - the +0 plate armour "Feidouco" {*Corrode rElec Str+4}
   (You found it on level 1 of the Shoals)

   Str+4:     It affects your strength (+4).
   rElec:     It insulates you from electricity.
   *Corrode:  It may corrode you when you take damage.
 i - a +3 chain mail of willpower
   (You took it off Louise on level 15 of the Dungeon)
 s - a +1 pair of gloves of strength (worn)
   (You found it on level 1 of the Vaults)
 y - a +2 cloak of cold resistance (worn)
   (You found it in an ice cave)
 J - the +1 chain mail of Duty (worn) {rPois rCorr}
   (You found it on level 7 of the Dungeon)

   rPois:     It protects you from poison rCorr: It protects you from acid and
   corrosion.
 M - a +0 pair of boots of flying (worn)
   (You found it on level 14 of the Dungeon)
 N - a +2 tower shield (worn)
   (You took it off Louise on level 15 of the Dungeon)
Jewellery
 a - a ring of fire
   (You found it on level 1 of the Spider Nest)
 j - the amulet of Buxu (around neck) {Reflect rN+ Slay+2 SH+5 Stlth+}
   (You acquired it on level 7 of the Dungeon)

   [amulet of reflection]

   Reflect:   It reflects blocked missile attacks.
   Slay+2:    It affects your accuracy & damage with ranged weapons and melee
   (+2).
   rN+:       It protects you from negative energy.
   SH+5:      It affects your SH (+5).
   Stlth+:    It makes you more stealthy.
 t - a +6 ring of dexterity
   (You found it on level 5 of the Lair of Beasts)
 z - the ring "Fuycoawigh" (left hand) {Int+2 SInv}
   (You found it on level 7 of the Dungeon)

   [ring of see invisible]

   Int+2:     It affects your intelligence (+2).
   SInv:      It lets you see invisible.
 H - a +5 ring of evasion
   (You found it on level 3 of the Dungeon)
 L - a +6 ring of strength (right hand)
   (You found it on level 3 of the Lair of Beasts)
Wands
 v - a wand of digging (7)
   (You found it on level 3 of the Shoals)
 x - a wand of acid (13)
   (You found it on level 2 of the Dungeon)
 B - a wand of mindburst (18)
   (You found it on level 3 of the Dungeon)
 K - a wand of roots (19)
   (You found it on level 4 of the Dungeon)
Scrolls
 f - a scroll of brand weapon
 k - 7 scrolls of fear
 o - 6 scrolls of immolation {!r}
 w - 10 scrolls of fog
 F - 8 scrolls of revelation
 O - 2 scrolls of enchant armour
 R - 6 scrolls of blinking
 S - 5 scrolls of vulnerability {!r}
 Y - 16 scrolls of teleportation {@r4}
 Z - a scroll of acquirement
Potions
 d - 4 potions of might
 e - a potion of magic
 l - 5 potions of berserk rage
 q - 9 potions of ambrosia
 r - 3 potions of enlightenment
 u - 6 potions of mutation {!q}
 A - 5 potions of haste {@q3}
 C - 11 potions of heal wounds {@q2}
 E - 4 potions of cancellation
 Q - 8 potions of curing {@q1}
 T - 4 potions of resistance
 W - 3 potions of invisibility
Miscellaneous
 I - a lightning rod (4/4) {!a}
   (You found it on level 4 of the Shoals)
 U - a phial of floods
   (You found it in an ice cave)


   Skills:
 - Level 19.0(24.0) Fighting
 - Level 21.0(26.0) Maces & Flails
 - Level 19.0(24.0) Armour
 - Level 22.0(27) Shields
 + Level 14.7 Invocations
 - Level 5.0 Evocations


You had 17 spell levels left.
You didn't know any spells.
Your spell library contained the following spells:

 Spells                   Type           Power      Damage    Failure   Level
 Kiss of Death            Conj/Necr      0%         2d5       63%         1
 Magic Dart               Conj           0%         1d3       63%         1
 Sandblast                Erth           0%         2d4       63%         1
 Blink                    Tloc           0%         N/A       77%         2
 Ensorcelled Hibernation  Hex/Ice        0%         N/A       77%         2
 Scorch                   Fire           0%         2d5       77%         2
 Searing Ray              Conj           0%         2d4       77%         2
 Confusing Touch          Hex            0%         N/A       94%         3
 Dazzling Flash           Conj/Hex       0%         N/A       94%         3
 Inner Flame              Hex/Fire       0%         N/A       94%         3
 Mephitic Cloud           Conj/Alch/Air  0%         N/A       94%         3
 Passwall                 Erth           0%         N/A       94%         3
 Sigil of Binding         Hex            0%         N/A       94%         3
 Stone Arrow              Conj/Erth      0%         3d7       94%         3
 Swiftness                Air            0%         N/A       94%         3
 Brom's Barrelling Bould  Conj/Erth      0%         2d3       100%        4
 Cause Fear               Hex            0%         N/A       100%        4
 Dimensional Bullseye     Hex/Tloc       0%         N/A       100%        4
 Dispel Undead            Necr           0%         3d6       100%        4
 Flame Wave               Conj/Fire      0%         2d4       100%        4
 Fulminant Prism          Conj/Alch      0%         3d5       100%        4
 Sticky Flame             Fire/Alch      0%         2d4       100%        4
 Borgnjor's Vile Clutch   Necr/Erth      0%         N/A       100%        5
 Curse of Agony           Necr           0%         N/A       100%        5
 Fireball                 Conj/Fire      0%         3d3       100%        5
 Silence                  Hex/Air        0%         N/A       100%        5
 Chain Lightning          Conj/Air       0%         N/A       100%        9
 Fire Storm               Conj/Fire      0%         5d1       100%        9
 Shatter                  Erth           0%         3d5*      100%        9
 Call Imp                 Summ           Unusable   N/A       N/A         2
 Call Canine Familiar     Summ           Unusable   N/A       N/A         3
 Animate Dead             Necr           Unusable   N/A       N/A         4
 Death Channel            Necr           Unusable   N/A       N/A         6
 Summon Cactus Giant      Summ           Unusable   N/A       N/A         6
 Dragon's Call            Summ           Unusable   N/A       N/A         9

Dungeon Overview and Level Annotations

Branches:
Dungeon (15/15)            Temple (1/1) D:7            Lair (5/5) D:10
 Shoals (4/4) Lair:2       Spider (4/4) Lair:2        Slime (0/5) Lair:4
    Orc (2/2) D:9             Elf (0/3) Orc:2        Vaults (2/5) D:13
 Depths (0/4) D:15        Ossuary (visited)          Bailey (visited)
  IceCv (visited)
  Crypt: Vaults:2-3

Altars:
Ashenzari
Cheibriados
Dithmenos
Elyvilon
Fedhas
Gozag
Hepliaklqana
Kikubaaqudgha
Makhleb
Nemelex Xobeh
Okawaru
Qazlal
Ru
Sif Muna
Trog
Uskayaw
Vehumet
Wu Jian
Xom
Yredelemnul
Zin
The Shining One

Shops:
D:1 =   D:10 (   D:13 [   Orc:2 :*!*   Shoals:3 !=?::   Shoals:4 *   Vaults:2 !

Annotations:
Lair:5 exclusion: obsidian statue
Vaults:2 Frederick


Innate Abilities, Weirdness & Mutations

You have a pair of horns on your head.
You reflexively headbutt those who attack you in melee.


Message History

Aim: Frederick, wielding a +4 demon trident of electrocution, wearing a +0 plate armour and wearing the orb of Qazlal's Displeasure {*channel, rElec rF+} (58% to hit)
You throw a curare-tipped dart {!f}.
The curare-tipped dart {!f} hits Frederick.
Frederick is poisoned.
Frederick struggles to breathe.
Frederick seems to slow down.
Throw: 14 javelins (silver)
Press: ? - help, Q - select action, (/) - cycle Shift-Dir - straight line, f/p - Frederick
Aim: Frederick, wielding a +4 demon trident of electrocution, wearing a +0 plate armour and wearing the orb of Qazlal's Displeasure {*channel, rElec rF+} (lightly wounded, very poisoned, slow, 58% to hit)
You throw a silver javelin.
The silver javelin pierces through Frederick!!
Frederick polishes his monocle.
Frederick casts a spell.
The bolt of lightning misses you. The fiery plasma hits you!!
You hear a shout! x2
You closely miss Frederick. You headbutt Frederick!
Frederick is no longer moving slowly.
You block Frederick's attack.
You bludgeon Frederick!! You headbutt Frederick!
Frederick casts a spell.
Frederick summons a servant imbued with his destructive magic!
You completely miss Frederick. Your headbutt misses Frederick.
You hit Frederick.
You feel better. You block Frederick's attack.
You impale Frederick!!
You headbutt Frederick, but do no damage.
Frederick points at you and mumbles some strange words.
The iron shot hits you!!!
* * * LOW HITPOINT WARNING * * *
Frederick is knocked back by the blast.
The spellforged servitor points at you and mumbles some strange words.
You block the iron shot... and reflect it back!
The iron shot hits the spellforged servitor!!!
Frederick casts a spell at you. The iron shot hits you!!!!
* * * LOW HITPOINT WARNING * * *
Frederick is knocked back by the blast.
You feel much better. You block Frederick's attack.
You gain the combat prowess of a mighty hero.
The spellforged servitor gestures at you while chanting.
You block the iron shot... and reflect it back!
The iron shot misses the spellforged servitor.
The spellforged servitor is knocked back by the blast.
You block Frederick's attack.
You can now deal lightning-fast blows.
Okawaru is no longer ready to gift you weaponry.
Okawaru is no longer ready to gift you armour.
You block Frederick's attack.
The spellforged servitor casts a spell.
The bolt of lightning hits you!!
* * * LOW HITPOINT WARNING * * *
The fiery plasma hits you!!
You die...

#.###.##......#.
##...###......#.
#######'###
########.
#.......# #.
#......)# ##
#.......#
#.......#
#.......#
#...@...#
+....@.9#
#...(...+
#.......#
#.......#
#.......#
#.......#
#.......#


You could see Frederick (poisoned) and a spellforged servitor (summoned).

Vanquished Creatures
  Bai Suzhen (Shoals:3)
  Rupert (D:12)
  A sphinx (Vaults:2)
  Frances (D:13)
  The ghost of LaularuKyrumo the Fencer, an adept NaBe of Trog (Shoals:3)
  The ghost of finalsalamander the Severer, an adept HOMo of Beogh (Shoals:1)
  Donald (Spider:1)
  Aizul (Shoals:4)
  3 ghost moths (Spider:4)
  2 vault wardens
  Louise (D:15)
  5 emperor scorpions
  A broodmother (Spider:1)
  6 ironbound preservers
  A formless jellyfish (Shoals:3)
  5 ironbound thunderhulks
  The ghost of Valeaz the Thaumaturge, a journeyman GnAE of Sif Muna (Lair:3)
  A deep elf demonologist (Vaults:2)
  Azrael (Spider:2)
  5 dire elephants
  2 spark wasps
  2 merfolk javelineers (Shoals:4)
  5 great orbs of eyes
  5 yaktaur captains
  4 merfolk impalers
  3 entropy weavers
  4 vault guards (D:13)
  Erolcha (D:13)
  5 boulder beetles
  3 hydras
  2 jorogumos
  The ghost of HourglassMan the Toxicologist, a journeyman MfAl of Fedhas (D:8)
  3 ironbound frosthearts
  4 radroaches
  2 alligators (Shoals:1)
  3 catoblepae
  12 centaur warriors
  4 merfolk avatars
  4 death yaks (IceCv)
  A merfolk aquamancer (Shoals:4)
  4 alligator snapping turtles
  7 two-headed ogres
  4 satyrs
  5 orc high priests
  Urug (Lair:5)
  8 demonic crawlers
  7 skeletal warriors
  A sixfirhy (D:7)
  Sonja (D:11)
  5 skysharks
  A spectral death yak (Lair:5)
  Lodul (D:10)
  A spectral anaconda (Lair:5)
  5 pharaoh ants
  A sea snake (shapeshifter) (D:15)
  18 deep trolls
  2 goliath frogs (Shoals:1)
  A sun moth (shapeshifter) (D:14)
  12 sea snakes
  3 lindwurms
  A glowing orange brain (D:15)
  4 orb spiders
  4 ironbound convokers
  13 harpies
  4 sun moths
  3 steelbarb worms
  5 orc knights
  An arcanist (D:14)
  3 necromancers (Lair:5)
  2 deep elf pyromancers
  A manticore (shapeshifter) (D:14)
  2 oklob plants
  2 orc sorcerers
  17 ugly things
  17 wolf spiders
  11 manticores
  9 cyclopes
  20 fauns
  Maurice (D:11)
  11 elephants
  The ghost of ratatoskos the Changeling, a novice OpSh (D:7)
  2 black mambas
  4 moths of wrath
  7 meliai
  7 merfolk sirens
  3 water nymphs
  2 kobold blastminers (Orc:1)
  6 vault sentinels
  A dire elephant zombie (Lair:5)
  3 dire elephant skeletons (Lair:5)
  11 torpor snails
  An unseen horror (D:11)
  Maggie (D:6)
  12 cane toads
  A gargoyle (D:13)
  An ice statue (IceCv)
  2 yaktaurs (Vaults:1)
  An unseen horror (shapeshifter) (D:13)
  9 rime drakes
  6 komodo dragons
  An efreet (D:15)
  4 wind drakes
  10 polar bears
  4 trolls
  16 merfolk
  22 tarantellas
  13 dream sheep
  5 blink frogs (Lair:5)
  A tyrant leech (D:13)
  2 spectral elephants (Lair:5)
  16 snapping turtles
  14 jumping spiders
  Sigmund (D:6)
  3 wyverns
  9 slime creatures
  4 water elementals
  17 culicivoras
  A culicivora (shapeshifter) (D:14)
  2 ynoxinuls (D:10)
  A vampire (D:12)
  5 spriggans (Bailey)
  2 basilisks
  2 wraiths
  5 fire elementals (Spider:2)
  39 yaks
  3 wargs
  46 redbacks
  A steam dragon (Bailey)
  7 vampire mosquitoes
  3 death yak simulacra (Lair:5)
  A redback simulacrum (D:15)
  Edmund (D:4)
  5 acid dragons
  A spectral cane toad (Lair:5)
  2 swamp worms (D:13)
  12 water moccasins
  2 hell hounds (Spider:2)
  29 orc warriors
  2 ice beasts
  15 ogres
  4 black bears (Lair:1)
  4 elephant zombies (Lair:5)
  22 wolves
  A sky beast (D:7)
  9 centaurs
  5 boggarts (Vaults:2)
  An elephant skeleton (Lair:5)
  2 phantoms
  2 kobold brigands
  16 bullfrogs
  2 gnoll sergeants
  3 wights (D:9)
  2 elephant simulacra (Lair:5)
  6 killer bees
  An electric eel (D:10)
  2 howler monkeys
  A crimson imp (D:10)
  4 centaur zombies (Ossuary)
  4 hounds
  A human zombie (Ossuary)
  6 jellies
  Crazy Yiuf (D:3)
  27 orc priests
  3 iguanas
  A gnoll bouda (D:6)
  2 sleepcaps (D:6)
  Terence (D:2)
  15 orc wizards
  9 hell rats (Lair:3)
  An ogre zombie (Ossuary)
  7 mummies (Ossuary)
  8 adders
  12 gnolls
  A shadow imp (D:8)
  13 white imps
  8 ufetubi (D:10)
  5 adder zombies (Ossuary)
  2 ribbon worms (D:2)
  A dart slug (D:2)
  89 orcs
  8 endoplasms
  2 giant cockroaches
  2 gnoll zombies (Ossuary)
  11 goblins
  15 hobgoblins
  3 jackals (D:1)
  3 quokkas
  11 ball pythons
  6 bats
  2 frilled lizards
  7 goblin zombies (Ossuary)
  20 kobolds
  2 kobold zombies (Ossuary)
  2 orc zombies (Ossuary)
  2 quokka zombies (Ossuary)
  3 rats
  4 rat zombies (Ossuary)
1146 creatures vanquished.

Vanquished Creatures (others)
  A manticore (Shoals:4)
  A black mamba (Lair:2)
  A culicivora (Spider:4)
  A wolf (IceCv)
  An orc (D:10)
5 creatures vanquished.

Grand Total: 1151 creatures vanquished

Notes
Turn   | Place    | Note
-------+----------+-------------------------------------------
     0 | D:1      | James the Minotaur Fighter began the quest for the Orb.
     0 | D:1      | Reached XP level 1. HP: 19/19 MP: 0/0
   240 | D:1      | Reached XP level 2. HP: 26/26 MP: 1/1
   282 | D:1      | Found Fest's Jewellery Shoppe.
   554 | D:1      | Reached XP level 3. HP: 30/31 MP: 2/2
  1151 | D:2      | Reached skill level 5 in Maces & Flails
  1180 | D:1      | Reached XP level 4. HP: 21/39 MP: 3/3
  1423 | D:2      | Found a sparkling altar of Nemelex Xobeh.
  1615 | D:2      | Noticed Terence
  1620 | D:2      | Killed Terence
  1897 | D:3      | Reached XP level 5. HP: 45/45 MP: 4/4
  2320 | D:3      | Found a runed translucent door.
  2321 | D:3      | Noticed Crazy Yiuf
  2526 | D:3      | Killed Crazy Yiuf
  2561 | D:4      | Reached XP level 6. HP: 50/51 MP: 5/5
  2623 | D:4      | Noticed Edmund
  2706 | D:4      | Killed Edmund
  2714 | D:4      | Found an ancient bone altar of Kikubaaqudgha.
  2784 | D:4      | Reached XP level 7. HP: 53/57 MP: 6/6
  3097 | D:4      | Found a bloodstained altar of Trog.
  3097 | D:4      | Found a glowing silver altar of Zin.
  3187 | D:5      | Entered Level 5 of the Dungeon
  3232 | D:5      | Reached skill level 10 in Maces & Flails
  3232 | D:5      | Reached skill level 4 in Shields
  3588 | D:5      | Found a stormy altar of Qazlal.
  3863 | D:6      | Reached XP level 8. HP: 67/67 MP: 7/7
  3885 | D:6      | Found a sand-covered staircase.
  3890 | Ossuary  | Entered an ossuary
  4207 | Ossuary  | Reached skill level 5 in Fighting
  4207 | Ossuary  | Reached skill level 5 in Armour
  4207 | Ossuary  | Reached skill level 5 in Shields
  4494 | D:6      | Reached skill level 1 in Evocations
  4810 | D:6      | Noticed Maggie
  4821 | D:6      | Noticed a troll
  4827 | D:6      | Killed Maggie
  4828 | D:6      | Reached XP level 9. HP: 66/74 MP: 8/8
  4911 | D:6      | Noticed Sigmund
  4923 | D:6      | Killed Sigmund
  5138 | D:6      | Killed a troll
  5284 | D:6      | Found a hazy altar of Hepliaklqana.
  5512 | D:7      | Identified a scroll of acquirement
  5512 | D:7      | Acquired a manual of Armour
  5551 | D:7      | Found a runed translucent door.
  5551 | D:7      | Noticed ratatoskos's ghost (novice OpSh)
  5557 | D:7      | Identified the ring "Fuycoawigh" {Int+2 SInv}
  5621 | D:7      | Found a flagged portal.
  5641 | Bailey   | Entered a bailey
  5818 | Bailey   | Reached skill level 6 in Shields
  5818 | Bailey   | Reached XP level 10. HP: 71/83 MP: 9/9
  5883 | Bailey   | Noticed a two-headed ogre
  5888 | Bailey   | Killed a two-headed ogre
  6151 | D:7      | Found a staircase to the Ecumenical Temple.
  6175 | Temple   | Entered the Ecumenical Temple
  6180 | Temple   | Became a worshipper of Warmaster Okawaru
  6232 | D:7      | Identified the +0 helmet "Usifeef" {Regen+ SInv}
  6397 | D:7      | Noticed a sixfirhy
  6398 | D:7      | Found a runed translucent door.
  6568 | D:7      | Identified the +1 chain mail of Duty {rPois rCorr}
  6841 | D:7      | Acquired the amulet of Buxu {Reflect rN+ Slay+2 SH+5
                  | Stlth+}
  7027 | D:8      | Noticed a two-headed ogre
  7037 | D:8      | Killed a two-headed ogre
  7037 | D:8      | Reached * piety under Okawaru
  7038 | D:8      | Reached skill level 7 in Shields
  7100 | D:8      | Noticed HourglassMan's ghost (journeyman MfAl)
  7102 | D:8      | Found a transporter.
  7109 | D:8      | Found a transporter.
  8074 | D:9      | Noticed a two-headed ogre
  8102 | D:9      | Killed a two-headed ogre
  8103 | D:9      | Reached skill level 5 in Evocations
  8252 | D:9      | Noticed a two-headed ogre
  8273 | D:9      | Killed a two-headed ogre
  8273 | D:9      | Reached ** piety under Okawaru
  8274 | D:9      | Reached skill level 10 in Armour
  8274 | D:9      | Reached skill level 1 in Invocations
  8274 | D:9      | Reached XP level 11. HP: 84/93 MP: 10/10
  8369 | D:9      | Found a staircase to the Orcish Mines.
  8392 | D:9      | Reached skill level 15 in Maces & Flails
  8538 | D:10     | Entered Level 10 of the Dungeon
  8557 | D:10     | Found a white marble altar of Elyvilon.
  8601 | D:10     | Noticed a two-headed ogre
  8607 | D:10     | Killed a two-headed ogre
  8718 | D:10     | Reached *** piety under Okawaru
  8719 | D:10     | Reached skill level 8 in Shields
  8771 | D:10     | Found a staircase to the Lair.
  8784 | D:10     | Found Pieq's Antique Weapon Shoppe.
  8948 | D:10     | Reached **** piety under Okawaru
  9148 | D:10     | Found a burning altar of Makhleb.
  9149 | D:10     | Found a shimmering altar of Xom.
  9345 | D:10     | Noticed Lodul
  9359 | D:10     | Killed Lodul
  9366 | D:10     | Found a blossoming altar of Fedhas.
  9394 | D:10     | Noticed an oklob plant
  9732 | D:10     | Killed an oklob plant
  9864 | D:11     | Noticed Maurice
  9872 | D:11     | Something stole a +3 whip of electrocution
  9882 | D:11     | Something stole the ring "Fuycoawigh" {Int+2 SInv}
  9885 | D:11     | Killed Maurice
 10007 | D:11     | Reached skill level 9 in Shields
 10108 | D:11     | Noticed a boulder beetle
 10128 | D:11     | Killed a boulder beetle
 10128 | D:11     | Reached ***** piety under Okawaru
 10353 | D:11     | Reached XP level 12. HP: 102/105 MP: 14/14
 10535 | D:11     | Noticed Sonja
 10568 | Lair:1   | Entered Level 1 of the Lair of Beasts
 11017 | Lair:1   | Reached skill level 5 in Invocations
 11035 | Lair:1   | Reached skill level 10 in Fighting
 11458 | Lair:2   | Found a frozen archway.
 11591 | IceCv    | Entered an ice cave
 11612 | IceCv    | Received a gift from Okawaru
 11793 | IceCv    | Identified the +3 halberd of the Fortifying Gods {flame,
                  | Str+2 Dex+2}
 11853 | IceCv    | Noticed a death yak
 11872 | IceCv    | Killed a death yak
 11889 | IceCv    | Reached skill level 15 in Armour
 11908 | IceCv    | Noticed a death yak
 11910 | IceCv    | Noticed a death yak
 11919 | IceCv    | Killed a death yak
 11927 | IceCv    | Killed a death yak
 12234 | IceCv    | Noticed a death yak
 12234 | IceCv    | Noticed an ironbound frostheart
 12234 | IceCv    | Noticed an ironbound frostheart
 12253 | IceCv    | Killed an ironbound frostheart
 12268 | IceCv    | Killed a death yak
 12269 | IceCv    | Reached XP level 13. HP: 117/117 MP: 17/17
 12278 | IceCv    | Reached ****** piety under Okawaru
 12521 | Lair:2   | Found a staircase to the Shoals.
 12732 | Lair:2   | Found a snail-covered altar of Cheibriados.
 12769 | Lair:2   | Reached skill level 10 in Shields
 12794 | Lair:2   | Received a gift from Okawaru
 13309 | Lair:2   | Found a hole to the Spider Nest.
 13969 | Lair:3   | Found a runed translucent door.
 13979 | Lair:3   | Noticed Valeaz's ghost (journeyman GnAE)
 14266 | Lair:3   | Reached skill level 11 in Shields
 15011 | D:7      | Killed ratatoskos's ghost
 15207 | D:8      | Killed HourglassMan's ghost
 15439 | Lair:4   | Received a gift from Okawaru
 15441 | Lair:4   | Found a staircase to the Slime Pits.
 15502 | Lair:4   | Reached skill level 12 in Shields
 15949 | Lair:5   | Entered Level 5 of the Lair of Beasts
 15970 | Lair:5   | Reached XP level 14. HP: 120/129 MP: 20/20
 16208 | Lair:5   | Received a gift from Okawaru
 16457 | Lair:5   | Reached skill level 13 in Shields
 16523 | Lair:5   | Reached skill level 10 in Invocations
 17179 | Lair:5   | Noticed Urug
 17190 | Lair:5   | Killed Urug
 17535 | Lair:5   | Received a gift from Okawaru
 17686 | Lair:5   | Reached skill level 14 in Shields
 18029 | Lair:3   | Killed Valeaz's ghost
 19034 | D:12     | Noticed Rupert
 19041 | D:12     | Paralysed by Rupert for 3 turns
 19055 | D:12     | Killed Rupert
 19507 | Orc:1    | Entered Level 1 of the Orcish Mines
 19559 | Orc:2    | Entered Level 2 of the Orcish Mines
 19598 | Orc:1    | Received a gift from Okawaru
 21007 | Orc:2    | Found a staircase to the Elven Halls.
 21491 | Orc:1    | Received a gift from Okawaru
 21580 | Orc:2    | Reached XP level 15. HP: 139/139 MP: 22/22
 21644 | Orc:2    | Found Ahap's Book Shop.
 21644 | Orc:2    | Found Tyeceutt's General Store.
 21645 | Orc:2    | Found Ydwebruo's Assorted Antiques.
 21645 | Orc:2    | Found Zimaly's Distillery.
 21675 | Orc:2    | Bought a potion of heal wounds for 180 gold pieces
 21977 | D:13     | Found Usiah's Armour Shoppe.
 22002 | D:13     | Noticed Frances
 22023 | D:13     | Killed Frances
 22028 | D:13     | Reached skill level 15 in Fighting
 22049 | D:13     | Reached skill level 15 in Shields
 22172 | D:13     | Found a gate to the Vaults.
 22201 | D:13     | Received a gift from Okawaru
 22357 | D:13     | Noticed Erolcha
 22365 | D:13     | Killed Erolcha
 23334 | D:14     | Received a gift from Okawaru
 23934 | D:15     | Entered Level 15 of the Dungeon
 23964 | D:15     | Received a gift from Okawaru
 24713 | D:15     | Noticed Louise
 24720 | D:15     | Killed Louise
 24904 | D:15     | Found a staircase to the Depths.
 25149 | Shoals:1 | Entered Level 1 of the Shoals
 25174 | Shoals:1 | Received a gift from Okawaru
 25380 | Shoals:1 | Reached XP level 16. HP: 75/151 MP: 23/23
 25645 | Shoals:1 | Reached skill level 16 in Shields
 25814 | Shoals:1 | Found a runed translucent gate.
 25815 | Shoals:1 | Found a runed translucent gate.
 25816 | Shoals:1 | Found a runed translucent gate.
 25817 | Shoals:1 | Noticed finalsalamander's ghost (adept HOMo)
 25837 | Shoals:1 | Killed finalsalamander's ghost
 25840 | Shoals:1 | Identified the +0 plate armour "Feidouco" {*Corrode rElec
                  | Str+4}
 26790 | Shoals:2 | Reached skill level 17 in Shields
 26829 | Shoals:2 | Received a gift from Okawaru
 27284 | Shoals:3 | Found Rofristru's Jewellery Emporium.
 27284 | Shoals:3 | Found Ragal's Book Boutique.
 27497 | Shoals:3 | Identified the dragon-blood talisman of the Heavens {SInv}
 27497 | Shoals:3 | Noticed Bai Suzhen
 27514 | Shoals:3 | Killed Bai Suzhen
 27578 | Shoals:3 | Found Qubimon's Distillery.
 27747 | Shoals:3 | Reached skill level 18 in Shields
 27821 | Shoals:3 | Found a runed translucent door.
 27822 | Shoals:3 | Noticed LaularuKyrumo's ghost (adept NaBe)
 27835 | Shoals:3 | Found Riassere's Magic Scroll Boutique.
 27843 | Shoals:3 | Bought a scroll of revelation for 75 gold pieces
 27843 | Shoals:3 | Bought a scroll of teleportation for 30 gold pieces
 27843 | Shoals:3 | Bought a scroll of teleportation for 30 gold pieces
 27921 | Shoals:3 | Found Purae's Book Emporium.
 28441 | Shoals:3 | Killed LaularuKyrumo's ghost
 28483 | Shoals:4 | Entered Level 4 of the Shoals
 28483 | Shoals:4 | Identified the serpent talisman of a Gauntlet {rElec Will+
                  | Str+3 SInv}
 28483 | Shoals:4 | Noticed Aizul
 28756 | Shoals:4 | Received a gift from Okawaru
 28771 | Shoals:4 | Reached skill level 19 in Shields
 29132 | Shoals:4 | Received a gift from Okawaru
 29300 | Shoals:4 | Got a barnacled rune of Zot
 29303 | Shoals:4 | Found Teva's General Store.
 29322 | Shoals:4 | Bought a scroll of blinking for 135 gold pieces
 29322 | Shoals:4 | Bought a scroll of revelation for 135 gold pieces
 29479 | Shoals:4 | Reached skill level 20 in Shields
 29492 | Shoals:4 | Reached XP level 17. HP: 146/158 MP: 25/25
 29787 | Shoals:4 | Killed Aizul
 30319 | Spider:1 | Entered Level 1 of the Spider Nest
 30330 | Spider:1 | Reached skill level 21 in Shields
 30342 | Spider:1 | Received a gift from Okawaru
 30511 | Spider:1 | Noticed Donald
 30523 | Spider:1 | Killed Donald
 31565 | Spider:2 | Received a gift from Okawaru
 31651 | Spider:2 | Noticed Azrael
 31668 | Spider:2 | Killed Azrael
 33304 | Spider:4 | Entered Level 4 of the Spider Nest
 33345 | Spider:3 | Received a gift from Okawaru
 33561 | Spider:4 | Reached skill level 22 in Shields
 34043 | Spider:4 | Reached XP level 18. HP: 169/169 MP: 26/26
 34747 | Spider:4 | Received a gift from Okawaru
 34896 | Spider:4 | Got a gossamer rune of Zot
 35830 | D:11     | Killed Sonja
 35955 | Vaults:1 | Entered Level 1 of the Vaults
 36176 | Vaults:1 | Received a gift from Okawaru
 37071 | Vaults:1 | Received a gift from Okawaru
 37994 | Vaults:2 | Found Zeiceas's Distillery.
 38002 | Vaults:2 | Bought a potion of haste for 110 gold pieces
 38002 | Vaults:2 | Bought a potion of heal wounds for 55 gold pieces
 38002 | Vaults:2 | Bought a potion of might for 44 gold pieces
 38002 | Vaults:2 | Bought a potion of invisibility for 88 gold pieces
 38115 | Vaults:2 | Identified the orb of Qazlal's Displeasure {*channel, rElec
                  | rF+}
 38115 | Vaults:2 | Noticed Frederick
 38126 | Vaults:2 | HP: 6/176 [Frederick/iron shot (82)]
 38130 | Vaults:2 | Killed from afar by a spellforged servitor

Illustrated notes

Levels and vault maps discovered:
D:1:      dpeg_arrival_subterranean_lakeside_camping, layout_loops_corners,
          serial_shops, nicolae_shop_tiny_waterfront
D:2:      layout_basic, basic_altar, st_stairs_8, minmay_box_of_dots,
          uniq_terence
D:3:      layout_basic, minmay_quadrilaterals, uniq_crazy_yiuf_cottage
D:4:      layout_cave_pools, chequers_temple_overflow_statue_of_worship,
          mainiacjoe_overflow_alcove_2, uniq_edmund
D:5:      layout_basic, grunt_qazlal_clouds
D:6:      layout_loops_corners, nicolae_hepliaklqana_hippocampus,
          enter_ossuary_2, uniq_maggie, uniq_sigmund
D:7:      cheibrodos_shockbox, layout_rooms, temple_green, enter_bailey_4,
          gammafunk_ghost_grave, nrook_campfire, hangedman_decor_points
D:8:      layout_basic, serial_rivers, chequers_serial_rivers_small_a,
          chequers_serial_rivers_micro_c, chequers_serial_rivers_micro_e,
          chequers_serial_rivers_micro_d, chequers_serial_rivers_small_b,
          gammafunk_ghost_arena
D:9:      layout_big_octagon, david_orc_2
D:10:     layout_cave_pools, tgw_fedhas,
          grunt_temple_overflow_champion_of_chaos, elyvilon_altar_1,
          dpeg_oklobed_lair, serial_shops, nicolae_shop_hallway_plus,
          dreamdust_mushroom_princess, nicolae_fort_ynox, uniq_lodul
D:11:     layout_long_grid, uniq_maurice, uniq_sonja
D:12:     layout_basic, uniq_rupert
D:13:     layout_basic, lightli_vaults_fourway_checkpoint, serial_shops,
          nicolae_shop_window_shopping, worms_lemuel, uniq_erolcha, uniq_frances
D:14:     layout_layer_cave, minmay_tree_intersection
D:15:     gammafunk_enter_depths_forms, layout_cave_pools, nicolae_sextant,
          feat_on_display, uniq_louise
Temple:   nicolae_temple_ecumenical_triangle
Lair:1:   layout_loops_ring, beast_lair_carwin_7, grunt_megastairs_1
Lair:2:   layout_layer_cave, shoals_dummy_entry,
          hellmonk_spider_entry_life_and_decay, portal_ice_cave_entry_imps,
          kennysheep_snail_temple, infiniplex_staircase_pool,
          serial_bayou_shore_b
Lair:3:   layout_regular_city, ebering_ghost_reflecting_pool, grunt_megastairs_5
Lair:4:   layout_loops_ring, nicolae_slime_entry_slimehenge
Lair:5:   due_jungle_book, layout_cave_shapes, uniq_urug
Shoals:1: layout_shoals, ebering_ghost_rock_garden,
          nicolae_shoals_goliath_grotto
Shoals:2: layout_shoals
Shoals:3: layout_shoals, gammafunk_ghost_grave, serial_shops,
          nicolae_shop_peninsula, nicolae_shop_tiny_waterfront,
          nicolae_shop_just_a_little_nook, shop, nicolae_stop_n_shop_1,
          uniq_bai_suzhen
Shoals:4: shoals_end_grunt_garden, layout_shoals, serial_shops, shop,
          hangedman_shoals_cup_caves, uniq_aizul
Spider:1: layout_cave_pods, uniq_donald
Spider:2: layout_spider_delve, uniq_azrael
Spider:3: layout_spider_delve
Spider:4: grunt_spider_rune_parallel
Orc:1:    layout_caves
Orc:2:    st_orc_pillars, layout_diamond_mine
Vaults:1: nicolae_vaults_oval_intersection, hangedman_vaults_impose,
          nicolae_vaults_alarming, nicolae_vaults_weapon_check,
          nicolae_vaults_turnstiles, ontoclasm_vaults_ring_large,
          nicolae_vaults_two_Ls, v_misc_29, v_misc_18, nicolae_vaults_asterisk,
          ontoclasm_vaults_eye, nicolae_vaults_trapezoid_lopsided_3,
          layout_vaults_ring
Vaults:2: nicolae_vaults_wine_cellar, nicolae_vaults_theta,
          vaults_room_semicircle, nicolae_vaults_trapezoid_lopsided_1,
          nicolae_vaults_what_the_h, nicolae_vaults_ellipses_ellipsis,
          v_rooms_6, vaults_dpeg_diagonal, nicolae_vaults_closet_pinwheel_5,
          layout_vaults_omnibox, serial_shops, nicolae_shop_industrial_runoff,
          uniq_frederick

Skill      XL: |  1  2  3  4  5  6  7  8  9 10 11 12 13 14 15 16 17 18 |
---------------+-------------------------------------------------------+-----
Maces & Flails | 3 4 5 6 7 9 10 12 14 16 17 20 21 | 21.0
Fighting       | 4 5 6 7 9 11 13 14 15 16 17 19 | 19.0
Armour         | 4 5 7 10 12 15 16 17 18 19 | 19.0
Shields        | 4 5 6 7 9 12 14 15 20 22 | 22.0
Evocations     | 2 3 5 |  5.0
Invocations    | 1 4 7 9 10 11 12 13 14 | 14.7

Action                     |  1- 3 |  4- 6 |  7- 9 | 10-12 | 13-15 | 16-18 || total
---------------------------+-------+-------+-------+-------+-------+-------++-------
  Melee: Flail             |    78 |    57 |       |       |       |       ||   135
         Headbutt          |     7 |    23 |    55 |   143 |   325 |   431 ||   984
         Whip              |       |    76 |   351 |   186 |       |       ||   613
         Morningstar       |       |       |       |   461 |  1246 |  1486 ||  3193
  Throw: Dart              |       |       |     7 |     1 |       |     2 ||    10
         Javelin           |       |       |       |       |     3 |     1 ||     4
 Invoke: Heroism           |       |       |       |       |     2 |     4 ||     6
         Finesse           |       |       |       |       |     2 |     4 ||     6
  Evoke: Wand              |       |     1 |     2 |     4 |     4 |     1 ||    12
    Use: Scroll            |       |     4 |    17 |     6 |     7 |     1 ||    35
         Potion            |       |       |       |       |     1 |     1 ||     2
 Armour: Scale mail        |    62 |    45 |       |       |       |       ||   107
         Chain mail        |       |    12 |   100 |   143 |   438 |   613 ||  1306
         Ice dragon scales |       |       |       |    54 |    15 |       ||    69
  Dodge: Dodged            |    39 |    59 |   159 |   298 |   345 |   366 ||  1266
  Block: Buckler           |    19 |    30 |    46 |   192 |       |       ||   287
         Reflection        |       |       |       |     9 |    63 |   100 ||   172
         Kite shield       |       |       |       |    84 |   824 |       ||   908
         Tower shield      |       |       |       |       |    25 |  2080 ||  2105
